Map: 光影交错-天梯版

Players

iGMacSed (MacSed) - Winner!

  • Race: Protoss Protoss
  • League: Grandmaster

iGXY (XY)

  • Race: Terran Terran

Event: DreamHack SC2 Masters 2021 Fall

VOD

Have the link to the VOD?

Description

Time

  • Played on: Aug. 5, 2021, 9:15 a.m.
  • Length: 13:32

All games in this series

Show
View Real Time Build Order
Export as new Build Order

iGMacSed Protoss - Winner!

Build Orders: 1 Gate Expand, Blink Stalkers, Colossus Rush 

Get SALT Encoding   

  12  0:00  Probe  
  13  0:12  Probe  
  14  0:17  Pylon  
  14  0:24  Probe (Chrono Boost)  
  16  0:36  Gateway, Probe (Chrono Boost)  
  16  0:43  Probe (Chrono Boost)  
  16  0:45  Assimilator  
  17  0:50  Probe  
  18  1:02  Probe  
  19  1:15  Probe  
  20  1:23  Cybernetics Core  
  20  1:31  Nexus  
  20  1:39  Pylon  
  20  1:42  Probe  
  21  1:47  Assimilator  
  22  1:54  Probe  
  22  1:57  Adept (Chrono Boost)  
  22  2:00  Warp Gate  
  24  2:06  Probe  
  25  2:18  Probe  
  25  2:20  Twilight Council  
  26  2:28  Stalker  
  28  2:30  Probe (Chrono Boost)  
  29  2:42  Probe (Chrono Boost)  
  30  2:46  Probe (Chrono Boost)  
  30  2:50  Probe (Chrono Boost)  
  30  2:51  Blink (Chrono Boost)  
  32  2:54  Probe (Chrono Boost)  
  32  2:58  Probe (Chrono Boost)  
  34  2:59  Probe (Chrono Boost)  
  34  3:04  Gateway  
  35  3:09  Probe  
  35  3:10  Probe  
  37  3:18  Robotics Facility  
  37  3:21  Probe  
  37  3:23  Probe  
  39  3:33  Probe  
  40  3:35  Gateway  
  40  3:36  Gateway  
  40  3:37  Probe  
  41  3:47  Probe  
  41  3:48  Pylon, Stalker  
  42  3:50  Probe  
  45  3:59  Probe  
  45  4:01  Pylon  
  46  4:06  Stalker  
  46  4:07  Observer  
  46  4:09  Pylon, Probe  
  50  4:12  Stalker  
  50  4:14  Probe  
  50  4:16  Assimilator  
  53  4:19  Pylon  
  53  4:21  Probe  
  54  4:24  Assimilator  
  54  4:31  Stalker x2  
  60  4:38  Immortal (Chrono Boost)  
  60  4:43  Stalker  
  63  4:46  Probe  
  63  4:50  Stalker  
  66  4:53  Probe  
  66  4:59  Pylon  
  67  5:03  Probe  
  67  5:05  Probe  
  69  5:09  Observer  
  69  5:13  Robotics Bay  
  70  5:15  Forge  
  70  5:25  Nexus  
  70  5:27  Pylon  
  70  5:31  Observer, Sentry  
  70  5:33  Zealot  
  70  5:35  Probe  
  76  5:36  Probe  
  77  5:47  Probe  
  77  5:48  Probe  
  77  5:49  Protoss Ground Weapons Level 1 (Chrono Boost)  
  79  5:51  Shield Battery  
  79  5:57  Colossus (Chrono Boost)  
  79  5:59  Probe  
  86  6:04  Probe  
  86  6:05  Extended Thermal Lance (Chrono Boost)  
  86  6:09  Zealot x2  
  91  6:13  Probe  
  92  6:19  Probe  
  92  6:25  Charge, Probe  
  94  6:27  Pylon x2  
  94  6:38  Sentry  
  96  6:42  Probe x2  
  96  6:43  Colossus (Chrono Boost), Probe  
  105  6:50  Zealot x2  
  109  6:54  Sentry, Probe x2  
  109  6:56  Probe  
  109  7:00  Pylon  
  114  7:05  Gateway  
  114  7:06  Gateway, Probe  
  115  7:13  Probe  
  115  7:14  Stalker x3  
  120  7:19  Probe  
  120  7:21  Pylon  
  121  7:27  Probe  
  121  7:28  Gateway  
  121  7:29  Assimilator, Gateway  
  122  7:30  Zealot  
  122  7:32  Colossus (Chrono Boost)  
  130  7:49  Protoss Ground Weapons Level 2 (Chrono Boost)  
  129  8:06  Pylon  
  129  8:08  Pylon  
  129  8:09  Nexus  
  129  8:10  Pylon  
  129  8:14  Pylon  
  129  8:18  Disruptor (Chrono Boost)  
  132  8:21  Pylon  
  132  8:22  Templar Archives, Zealot x4  
  140  8:27  Zealot  
  140  8:28  Pylon, Zealot x3  
  148  8:35  Probe  
  149  8:43  Shield Battery  
  149  8:45  Shield Battery  
  149  8:47  Stalker x3  
  149  8:48  Stalker x3  
  159  8:50  Disruptor (Chrono Boost)  
  160  9:09  Zealot x2  
  158  9:11  High Templar x2  
  158  9:12  Zealot x4  
  168  9:21  Disruptor  
  171  9:24  Probe  
  171  9:25  Probe x2  
  171  9:27  Gateway  
  171  9:29  Gateway, Archon  
  174  9:35  Zealot x3  
  174  9:36  Zealot x2  
  180  9:50  Zealot x3  
  184  9:57  Disruptor  
  152  10:17  Zealot x7  
  152  10:18  Zealot  
  131  10:30  Disruptor (Chrono Boost)  
  132  10:37  Probe x2  
  132  10:39  High Templar  
  132  10:40  High Templar x3, Zealot x4  
  132  10:41  Zealot x2  
  154  10:43  Probe x2  
  154  10:44  Nexus  
  154  10:46  Archon  
  154  10:47  Archon  
  142  10:57  Colossus (Chrono Boost)  
  126  11:11  High Templar x2, Zealot x4  
  115  11:12  Zealot x4  
  115  11:16  Archon  
  115  11:18  Pylon, Probe  
  132  11:25  Gateway  
  132  11:28  Gateway  
  132  11:32  Zealot x3  
  134  11:33  Zealot x2  
  134  11:39  Warp Prism (Chrono Boost)  
  144  11:45  Robotics Facility  
  144  11:57  Stalker x3  
  144  11:58  Stalker x5  
  157  12:08  Colossus (Chrono Boost)  
  145  12:20  Probe x2  
  141  12:23  Zealot x9  
  141  12:24  Zealot  
  141  12:26  Probe x2  
  167  12:40  Colossus (Chrono Boost)  
  167  12:43  Zealot x3  
  167  12:44  Zealot x4  
  173  12:51  Zealot x4  
  149  13:05  High Templar x4  
  133  13:06  Zealot x3  
  133  13:10  Archon x2  
  127  13:19  Stalker x4  
Show
View Real Time Build Order
Export as new Build Order

iGXY Terran 

Build Orders:  

Get SALT Encoding   

  12  0:00  SCV  
  13  0:12  SCV  
  14  0:16  Supply Depot  
  14  0:24  SCV  
  15  0:38  SCV, Barracks  
  16  0:44  Refinery  
  16  0:50  SCV  
  17  1:02  SCV  
  18  1:14  SCV  
  19  1:25  Marine  
  19  1:26  Orbital Command  
  20  1:40  Command Center  
  20  1:44  Barracks Reactor  
  20  1:52  SCV  
  21  1:59  Supply Depot  
  21  2:05  SCV  
  21  2:06  Barracks  
  22  2:17  SCV  
  22  2:19  Bunker  
  22  2:21  Marine x2  
  25  2:26  Barracks  
  25  2:29  SCV  
  26  2:38  Marine x2  
  26  2:41  SCV  
  29  2:53  SCV  
  29  2:55  Orbital Command  
  29  2:57  Barracks Tech Lab  
  29  2:58  Marine x2  
  31  3:01  Orbital Command  
  31  3:05  SCV  
  33  3:12  Barracks Tech Lab  
  33  3:15  Stimpack  
  33  3:16  Marine x3  
  33  3:17  SCV  
  37  3:24  Supply Depot  
  37  3:28  SCV  
  37  3:29  SCV  
  37  3:31  Combat Shield  
  40  3:34  Marine  
  40  3:36  Marine  
  40  3:40  SCV  
  44  3:41  SCV  
  44  3:43  Marauder  
  44  3:46  Marauder  
  47  3:48  Supply Depot  
  47  3:50  Supply Depot  
  47  3:52  SCV  
  47  3:53  SCV  
  47  3:55  Marine x2  
  50  4:01  Engineering Bay  
  51  4:04  SCV  
  51  4:05  SCV  
  51  4:06  Marine  
  51  4:09  Marine  
  54  4:12  Refinery  
  54  4:14  Marine x2  
  57  4:18  SCV  
  58  4:24  Marine  
  58  4:25  SCV  
  58  4:27  Supply Depot  
  58  4:30  SCV  
  62  4:32  Marine x2  
  62  4:33  Factory  
  62  4:38  SCV  
  65  4:43  SCV  
  66  4:46  Refinery  
  66  4:47  Terran Infantry Weapons Level 1  
  66  4:50  SCV  
  66  4:55  SCV  
  67  5:01  Command Center  
  67  5:02  SCV  
  67  5:05  Marauder  
  67  5:07  Marauder  
  72  5:08  SCV  
  73  5:15  SCV  
  73  5:20  Marine x2  
  75  5:26  Marauder  
  75  5:27  Factory Reactor  
  77  5:29  Starport  
  77  5:33  Supply Depot, Marauder  
  77  5:34  SCV x2  
  81  5:40  Refinery  
  81  5:43  Marine x2  
  81  5:47  Marauder  
  81  5:49  SCV  
  86  5:52  Supply Depot  
  86  5:55  SCV, Marauder, Supply Depot  
  89  6:04  Barracks  
  89  6:05  SCV, Barracks  
  89  6:07  SCV  
  91  6:11  Supply Depot  
  91  6:12  Factory Tech Lab  
  91  6:13  Medivac  
  91  6:14  Medivac  
  95  6:20  Orbital Command  
  95  6:23  Marauder  
  95  6:24  Marauder  
  99  6:26  Marine  
  99  6:27  Concussive Shells  
  99  6:30  Siege Tank  
  103  6:42  Medivac  
  103  6:44  Medivac  
  107  6:48  SCV x2  
  107  6:49  Orbital Command  
  107  6:53  Terran Infantry Armor Level 1  
  109  6:55  Barracks Tech Lab  
  109  7:05  Siege Tank  
  109  7:06  Marine x4  
  119  7:08  SCV x2  
  119  7:10  Barracks Reactor  
  119  7:14  Marine  
  119  7:15  SCV  
  120  7:20  SCV x2  
  122  7:23  Marine  
  122  7:24  Marine, Marauder x2  
  122  7:26  Refinery x2  
  122  7:27  SCV  
  122  7:29  Supply Depot  
  129  7:32  SCV, Marauder  
  129  7:33  SCV  
  133  7:37  Supply Depot x2  
  133  7:38  Supply Depot  
  133  7:40  SCV  
  133  7:41  Marine x2  
  133  7:42  Siege Tank  
  133  7:43  Supply Depot  
  139  7:47  SCV  
  139  7:48  SCV  
  140  7:52  Supply Depot, SCV  
  145  7:59  SCV  
  145  8:00  SCV  
  145  8:01  Viking x2  
  145  8:02  Marine x2, Marauder x3  
  145  8:03  Marine  
  145  8:04  Marine, SCV  
  158  8:12  SCV  
  159  8:15  Siege Tank, Missile Turret  
  162  8:20  Marine x2  
  162  8:23  Marauder x2  
  162  8:25  Supply Depot  
  162  8:26  Marauder  
  170  8:28  Marine  
  170  8:30  Marine, Viking  
  170  8:31  Viking  
  176  8:35  Supply Depot  
  176  8:45  Marauder  
  176  8:47  Siege Tank  
  181  8:49  Marine x3, Marauder x2  
  181  8:50  Marine  
  181  8:55  SCV x3  
  182  9:03  Viking x2  
  182  9:06  Marauder  
  182  9:07  Marine x2  
  187  9:10  Marauder x2  
  187  9:14  Marine x2  
  191  9:19  Siege Tank  
  194  9:24  Marine  
  194  9:25  Marine  
  194  9:27  Marauder  
  194  9:30  Command Center  
  198  9:34  Armory  
  198  9:35  Engineering Bay  
  195  9:51  Marine x2, Siege Tank, Marauder x3  
  190  9:56  Viking x2  
  164  10:13  Marauder x2  
  153  10:14  SCV x2  
  150  10:23  Siege Tank  
  150  10:26  Medivac x2  
  142  10:30  Marauder  
  142  10:31  Marine x4  
  142  10:33  SCV x2  
  142  10:34  Marine, Marauder  
  136  10:37  Terran Infantry Weapons Level 2  
  136  10:38  Terran Infantry Armor Level 2  
  136  10:39  Terran Ship Weapons Level 1  
  134  10:49  Marine x4  
  138  10:52  Marauder  
  138  10:54  Marine  
  138  10:55  Marine, Siege Tank  
  108  11:06  Marine  
  108  11:07  Marine x3  
  108  11:11  SCV x2  
  106  11:12  Marine, SCV  
  106  11:13  Marine x2  
  110  11:18  Medivac  
  110  11:19  Medivac  
  110  11:23  SCV  
  110  11:24  Marine  
  116  11:29  Planetary Fortress  
  116  11:30  SCV  
  117  11:33  Siege Tank  
  117  11:37  Marauder  
  117  11:38  Marine, Marauder  
  125  11:42  SCV x2  
  125  11:43  SCV  
  120  11:55  Medivac x2  
  120  11:56  Marauder  
  120  11:58  Ghost Academy, Marauder  
  117  12:06  SCV x2  
  117  12:08  SCV x2  
  118  12:10  Siege Tank  
  121  12:18  Marine, SCV x2  
  121  12:20  Marine, SCV  
  132  12:32  Marauder  
  132  12:33  Ghost  
  132  12:34  Ghost  
  136  12:38  Marine x3  
  136  12:41  Viking x2  
  114  12:53  Siege Tank, Ghost  
  101  13:09  Marauder x2  
  84  13:14  Marine x4  

Tags
 
Add a new tag
Caveats
  • Supply blocks, unpowered buildings, or Contaminate may cause inaccurate times.
  • Supply counts are checked every 10 seconds.